 Dungeon Crawl Stone Soup version 0.28.0-53-g5a82cb258f (webtiles) character file.

Game seed: 14447136514193395612

3324 LynnLen the Covert (level 9, -4/69 HPs)
             Began as a Vampire Enchanter on Aug 21, 2022.
             Was a Believer of Makhleb.
             Killed from afar by a starcursed mass (6 damage)
             ... with an accursed screaming
             ... on level 2 of the Abyss.
             The game lasted 00:36:15 (9242 turns).

LynnLen the Covert (Vampire Enchanter)              Turns: 9242, Time: 00:36:16

Health: -4/69      AC:  6    Str:  7    XL:     9   Next: 71%
Magic:  18/18      EV: 16    Int: 20    God:    Makhleb [**....]
Gold:   232        SH:  0    Dex: 16    Spells: 9/20 levels left

rFire   + . .      SeeInvis +   t - +1 dagger (venom)
rCold   + . .      Faith    .   (no shield)
rNeg    . . .      Spirit   .   x - +1 robe {rC+ rF+}
rPois   .          Reflect  .   (no helmet)
rElec   .          Harm     .   (no cloak)
rCorr   .          Rampage  .   h - +2 pair of gloves
Will    .....                   (no boots)
Stlth   +++++.....              (no amulet)
HPRegen 0.41/turn               d - +4 ring of evasion
MPRegen 0.16/turn               (no ring)

@: healing quickly, hasted, very quick
A: alive, fangs 3, see invisible, vampiric 2
a: Exsanguinate, Renounce Religion, Minor Destruction


You were on level 2 of the Abyss.
You worshipped Makhleb.
Makhleb was pleased with you.
You visited 1 branch of the dungeon, and saw 8 of its levels.
You visited the Abyss 1 time.

You collected 339 gold pieces.
You spent 107 gold pieces at shops.

Inventory:

Hand Weapons
 a - a +1 dagger
 t - a +1 dagger of venom (weapon)
Missiles
 e - 177 stones
 j - 2 throwing nets
 m - a silver javelin (quivered)
 u - 11 poisoned darts
Armour
 h - a +2 pair of gloves (worn)
 x - a +1 robe of resistance (worn)
Jewellery
 d - a +4 ring of evasion (left hand)
 f - an amulet of faith
Wands
 o - a wand of flame (40)
Scrolls
 b - a scroll of immolation
 c - a scroll of enchant armour
 k - a scroll of amnesia {unknown}
 s - a scroll of torment
 w - a scroll of holy word {unknown}
 y - a scroll of fear {unknown}
 B - a scroll of summoning
Potions
 g - a potion of mutation {unknown}
 i - 2 potions of might
 l - 5 potions of brilliance
 n - a potion of haste
 p - 3 potions of attraction {unknown}
 q - a potion of magic {unknown}
 r - a potion of berserk rage {unknown}
 z - 2 potions of ambrosia {unknown}
 A - a potion of flight {unknown}


   Skills:
 + Level 5.6 Fighting
 + Level 6.9 Short Blades
 - Level 2.1 Dodging
 + Level 10.7 Stealth
 + Level 6.1 Spellcasting
 - Level 4.4 Hexes
 + Level 4.7 Invocations


You had 9 spell levels left.
You knew the following spells:

 Your Spells              Type           Power      Damage    Failure   Level
a - Confusing Touch       Hex            23%        N/A       4%          3
b - Ensorcelled Hibernat  Hex/Ice        28%        N/A       6%          2
c - Tukima's Dance        Hex            23%        N/A       4%          3
d - Dazzling Flash        Conj/Hex       28%        N/A       13%         3

Your spell library contained the following spells:

 Spells                   Type           Power      Damage    Failure   Level
 Sublimation of Blood     Necr           6%         N/A       16%         2
 Wereblood                Tmut           6%         N/A       16%         2
 Spider Form              Tmut/Pois      6%         N/A       30%         3
 Anguish                  Hex/Necr       7%         N/A       38%         4
 Summon Hydra             Summ           3%         N/A       100%        7


Dungeon Overview and Level Annotations

Branches:
Dungeon (8/15)             Temple (0/1) D:5
   Lair: D:8-11

Altars:
Cheibriados
Dithmenos
Gozag
Makhleb
Qazlal
Ru
Trog
Uskayaw
Xom

Shops:
D:5 [

Annotations:
D:7 1 runed translucent door


Innate Abilities, Weirdness & Mutations

Your natural rate of healing is accelerated.
You have razor-sharp teeth.
You have supernaturally acute eyesight. (SInv)
You are afflicted with vampirism and can become a bat while bloodless.


Message History

A starcursed mass splits.
Throw: 3 javelins (silver)
Press: ? - help, Q - select action, (/) - cycle Shift-Dir - straight line, f/p - large abomination
Aim: a large abomination (lightly damaged, 79% to hit, chaotic)
You throw a silver javelin.
The silver javelin barely misses the large abomination.
The large abomination misses you.
Throw: 2 javelins (silver)
Press: ? - help, Q - select action, (/) - cycle Shift-Dir - straight line, f/p - large abomination
Aim: a large abomination (lightly damaged, 79% to hit, chaotic)
You throw a silver javelin.
The silver javelin pierces through the large abomination but does no damage.
The silver sears the large abomination!
The large abomination is lightly damaged.
The large abomination hits you! The large abomination hits you.
A neqoxec comes into view.
A starcursed mass splits.
An ufetubus comes into view.
A small abomination comes into view.
You feel yourself speed up. The large abomination misses you.
The ufetubus shouts!
You hear a shout!
The starcursed mass shrieks in your mind.
A balrug comes into view.
It is wielding a +1 demon whip of flaming.
The ufetubus hits you but does no damage.
The ufetubus completely misses you.
A sun demon comes into view.
A sun demon comes into view.
The balrug gestures at you. Something smites you! The balrug gestures at you.
The fireball explodes!
The fireball engulfs you!! You resist.
* * * LOW HITPOINT WARNING * * *
The fireball engulfs the ufetubus!!!
The ufetubus is burned terribly!
The ufetubus dies!
The sun demon shouts!
You hear a chilling moan.
The balrug gestures at you. Something smites you!
* * * LOW HITPOINT WARNING * * *
A starcursed mass splits.
A chorus of shrieks assaults your mind.
You die...

...#...... #.
#...#...## .. #
#...#...# # ..
#..####.# #.. .
#######.X....#.# #3.
..
#.......X..########.#.
.≈≈≈###..........# ##.
# ♣≈≈...2.#X......# #
####
≈≈≈≈3..3...@.....# #
#. ..
≈≈≈≈###..###...##.# #
# ≈3≈ #### #...# #..
#..##. ≈≈ '..... ...
##. .#........ #
####### # ##


You could see 2 starcursed masses, a balrug, 2 sun demons and a large
abomination.

Vanquished Creatures
  Sigmund (D:2)
  A ynoxinul (Abyss:2)
  5 yaks
  2 water moccasins
  Duvessa (D:7)
  An ice beast (D:6)
  2 sky beasts (D:8)
  2 necrophages
  An ogre (D:6)
  A centaur (D:8)
  A bullfrog (D:8)
  A scorpion (D:6)
  A wyvern zombie (D:7)
  Dowan (D:7)
  A water moccasin skeleton (D:6)
  A bullfrog zombie (D:4)
  4 jellies
  2 orc priests
  A bullfrog skeleton (D:5)
  A gnoll shaman (D:7)
  4 hounds
  A centaur skeleton (D:6)
  3 iguanas (D:6)
  Jessica (D:2)
  Natasha (thrice) (D:2)
  An orc wizard (D:6)
  A killer bee zombie (D:8)
  9 gnolls
  A howler monkey zombie (D:6)
  9 adders
  A white imp (D:6)
  An adder zombie (D:5)
  An adder skeleton (D:4)
  2 worms
  3 dart slugs
  17 orcs
  6 ball pythons
  7 endoplasms
  2 giant cockroaches
  8 goblins
  9 hobgoblins
  5 kobolds
  4 quokkas
  3 bats
  2 frilled lizards (D:1)
  4 rats
139 creatures vanquished.

Vanquished Creatures (collateral kills)
  Prince Ribbit (D:7)
  An ogre (D:7)
  A bullfrog (D:6)
  3 orcs
6 creatures vanquished.

Vanquished Creatures (others)
  An ufetubus (Abyss:2)
  A fungus (D:7)
2 creatures vanquished.

Grand Total: 147 creatures vanquished

Notes
Turn   | Place    | Note
-------+----------+-------------------------------------------
     0 | D:1      | LynnLen the Vampire Enchanter began the quest for the Orb.
     0 | D:1      | Reached XP level 1. HP: 13/13 MP: 3/3
   231 | D:1      | Reached XP level 2. HP: 20/20 MP: 5/5
   686 | D:1      | Reached skill level 1 in Fighting
   739 | D:2      | Reached skill level 5 in Stealth
   739 | D:2      | Gained mutation: You are afflicted with vampirism and can
                  | become a bat while bloodless. [Vampire growth]
   739 | D:2      | Reached XP level 3. HP: 12/26 MP: 6/6
   743 | D:2      | Learned a level 3 spell: Confusing Touch
   746 | D:2      | Learned a level 2 spell: Ensorcelled Hibernation
   826 | D:2      | Noticed Jessica
   833 | D:2      | Noticed Natasha
   835 | D:2      | Killed Jessica
   930 | D:2      | Reached XP level 4. HP: 25/32 MP: 7/7
   936 | D:2      | Learned a level 3 spell: Tukima's Dance
  1263 | D:2      | Noticed Sigmund
  1276 | D:2      | Killed Sigmund
  1277 | D:2      | Reached skill level 6 in Stealth
  1277 | D:2      | Reached XP level 5. HP: 39/39 MP: 4/9
  1341 | D:2      | Killed Natasha
  1555 | D:2      | Reached XP level 6. HP: 12/46 MP: 4/11
  1898 | D:2      | Noticed Natasha
  1918 | D:2      | Killed Natasha
  2082 | D:2      | Noticed Natasha
  2087 | D:2      | Killed Natasha
  2248 | D:3      | Found a faded altar of an unknown god.
  2409 | D:3      | Found a burning altar of Makhleb.
  2426 | D:3      | Became a worshipper of Makhleb the Destroyer
  3128 | D:4      | Reached skill level 7 in Stealth
  3189 | D:4      | Reached XP level 7. HP: 52/52 MP: 8/12
  3483 | D:5      | Entered Level 5 of the Dungeon
  3483 | D:5      | Found a shimmering altar of Xom.
  3522 | D:5      | Reached skill level 1 in Invocations
  3563 | D:5      | Reached * piety under Makhleb
  3748 | D:5      | Found a shadowy altar of Dithmenos.
  4258 | D:5      | Found a staircase to the Ecumenical Temple.
  4586 | D:5      | Found Geadi's Antique Armour Emporium.
  4593 | D:5      | Bought a runed robe for 107 gold pieces
  5012 | D:6      | Noticed a yak
  5163 | D:6      | Reached skill level 8 in Stealth
  5271 | D:6      | Noticed a yak
  5272 | D:6      | Noticed a yak
  5276 | D:6      | Noticed a yak
  5279 | D:6      | Noticed a yak
  5295 | D:6      | Killed a yak
  5296 | D:6      | Reached XP level 8. HP: 60/60 MP: 14/14
  5318 | D:6      | Reached skill level 5 in Short Blades
  5490 | D:6      | Reached skill level 9 in Stealth
  5490 | D:6      | Reached skill level 5 in Spellcasting
  5951 | D:6      | Found a stormy altar of Qazlal.
  5956 | D:6      | Noticed an air elemental
  6173 | D:7      | Found an opulent altar of Gozag.
  6176 | D:7      | Found a snail-covered altar of Cheibriados.
  6400 | D:6      | Reached ** piety under Makhleb
  6401 | D:6      | Reached XP level 9. HP: 63/67 MP: 15/17
  6419 | D:6      | Learned a level 3 spell: Dazzling Flash
  6795 | D:7      | Reached skill level 5 in Fighting
  6832 | D:7      | Found a runed translucent door.
  6847 | D:7      | Noticed Prince Ribbit
  6853 | D:7      | Noticed Duvessa
  6853 | D:7      | Noticed Dowan
  6860 | D:7      | Killed Prince Ribbit
  6861 | D:7      | Reached skill level 10 in Stealth
  7058 | D:7      | Found a bloodstained altar of Trog.
  8687 | D:7      | Found a sacrificial altar of Ru.
  8709 | D:7      | Found a hide-covered altar of Uskayaw.
  8819 | D:7      | Killed Duvessa
  8823 | D:7      | Killed Dowan
  8892 | D:7      | Cast into level 1 of the Abyss (orc warrior)
  8958 | Abyss:1  | Noticed a tentacled starspawn
  8959 | Abyss:1  | Noticed a thrashing horror
  8981 | Abyss:1  | Noticed an efreet
  9112 | Abyss:2  | Noticed a mana viper
  9123 | Abyss:2  | Noticed a wretched star
  9156 | Abyss:2  | Noticed a large abomination
  9192 | Abyss:2  | Noticed a white very ugly thing
  9203 | Abyss:2  | Noticed a large abomination
  9213 | Abyss:2  | Noticed a starcursed mass
  9234 | Abyss:2  | Noticed a balrug
  9236 | Abyss:2  | Noticed a sun demon
  9237 | Abyss:2  | Noticed a sun demon
  9239 | Abyss:2  | HP: 1/69 [balrug/divine providence (12)]
  9242 | Abyss:2  | Killed from afar by a starcursed mass

Illustrated notes

Levels and vault maps discovered:
D:1:      dpeg_arrival_tiny_i, layout_rooms, corexii_hall_statues_i
D:2:      layout_basic, uniq_natasha, uniq_jessica, uniq_sigmund
D:3:      layout_rooms, mainiacjoe_overflow_boulevard,
          hellmonk_ecumenical_altar_pennies_from_heaven
D:4:      lemuel_castle_with_subvaults [lemuel_castle_interior_carwin_3],
          layout_loops_corners, serial_shops, kennysheep_mini_moat, uniq_robin
D:5:      layout_gridville, mainiacjoe_overflow_tiny_flanked,
          old_standard_altar, minmay_temple_entry_statues, serial_shops,
          kennysheep_little_box, minmay_fountain_box
D:6:      nicolae_cairo_tiling_large_dashed, layout_loops_corners,
          nicolae_qazlal_style_of_elements, supply_closet_lemuel,
          minmay_stone_trees_large
D:7:      layout_cave_pools, overflow_temple_1_default, nicolae_ru_awakened_eye,
          nicolae_uskayaw_murder_on_the_dancefloor, lemuel_crystal_altar,
          mainiacjoe_overflow_divided_tiny, gammafunk_ghost_necromancy,
          amcnicky_mini_corridor_feature, uniq_prince_ribbit1, uniq_duvessa,
          uniq_crazy_yiuf_cottage
D:8:      layout_loops_ring, serial_co_window_serial,
          co_window_of_opportunity_a, co_window_corner_a, co_window_paths_b,
          co_window_paths_a, co_window_paths_b, co_window_paths_b,
          co_window_broadway_a, co_window_corner_cb, co_window_unsneaky_path_c,
          co_window_broadway_c, co_window_of_opportunity_c, co_window_corner_b,
          co_window_4corner_a, co_window_sun, glass_columns_b,
          nicolae_underground_beach
Abyss:2:  base:
D:5

Skill      XL: |  1  2  3  4  5  6  7  8  9 |
---------------+----------------------------+-----
Fighting       | 1 2 3 4 5 |  5.6
Stealth        | 5 6 7 8 9 10 | 10.7
Short Blades   | 2 3 4 5 6 |  6.9
Spellcasting   | 3 4 5 6 |  6.1
Invocations    | 2 3 4 |  4.7
Dodging        | |  2.1
Hexes          | |  4.4

Action                   |  1- 3 |  4- 6 |  7- 9 || total
-------------------------+-------+-------+-------++-------
Melee: Dagger            |   127 |   202 |   258 ||   587
       Bite              |    12 |    29 |    36 ||    77
       Punch             |     1 |     4 |       ||     5
Throw: Javelin           |       |       |     3 ||     3
 Cast: Ensorcelled Hiber |     2 |    21 |    37 ||    60
       Confusing Touch   |       |     1 |     7 ||     8
       Tukima's Dance    |       |       |     3 ||     3
  Use: Scroll            |     1 |     4 |     8 ||    13
       Potion            |       |     1 |     2 ||     3
 Stab: Sleeping          |     6 |    17 |    30 ||    53
       Confused          |       |     2 |     7 ||     9
Armor: Robe              |    10 |    12 |    31 ||    53
Dodge: Dodged            |    95 |   122 |   174 ||   391
